 Dungeon Crawl Stone Soup version 0.18-a0-1195-g77a4f03 (webtiles) character file.

197 Gruud the Ruffian (level 5, 46/57 HPs)
             Began as a Demonspawn Gladiator on Jan 29, 2016.
             Quit the game on level 4 of the Dungeon.
             The game lasted 00:10:57 (2836 turns).

Gruud the Ruffian (Demonspawn Gladiator)            Turns: 2836, Time: 00:10:57

Health: 46/57      AC: 22    Str: 16    XL:     5   Next: 46%
Magic:  5/5        EV:  2    Int: 12    God:
Gold:   190        SH:  0    Dex: 15    Spells: 0 memorised, 4 levels left

rFire  . . .     SeeInvis .     x - +8 spear of Duipt {flame, rElec}
rCold  . . .     Gourm    .     (armour currently unavailable)
rNeg   + + +     Faith    .     (no shield)
rPois  +         Spirit   .     (helmet currently unavailable)
rElec  +         Dismiss  .     (cloak currently unavailable)
rCorr  .         Reflect  .     (gloves currently unavailable)
SustAt .         Harm     .     (boots currently unavailable)
MR     .....     NoTele   +     (no amulet)
Stlth  ++........               (no ring)
                                w - +2 ring of intelligence

@: tree-form, not resistant to hostile enchantments, unstealthy
A: (claws 0), thin skeletal structure 1, (spiny 0)
a: no special abilities


You were on level 4 of the Dungeon.
You were not hungry.
You were a tree.
You visited 1 branch of the dungeon, and saw 4 of its levels.

You collected 190 gold pieces.

Inventory:

Hand Weapons
 a - a +0 war axe
 x - the +8 spear of Duipt (weapon) {flame, rElec}
   (You found it on level 4 of the Dungeon)

   It has been specially enchanted to burn those struck by it, causing extra
   injury to most foes and up to half again as much damage against particularly
   susceptible opponents.
   It insulates you from electricity.
Missiles
 d - 3 throwing nets (quivered)
 m - 6 exploding tomahawks
 p - 2 tomahawks
Armour
 c - a +0 helmet (melded)
 r - a +0 chain mail (melded)
Jewellery
 w - a +2 ring of intelligence (left branch)
Scrolls
 e - 3 scrolls of recharging
 g - 2 scrolls of teleportation {unknown}
 l - 2 scrolls of remove curse
 n - a scroll of amnesia {unknown}
 q - a scroll of random uselessness {unknown}
 t - a scroll of blinking {unknown}
Potions
 b - a potion of lignification
 h - a potion of cure mutation {unknown}
 j - a potion of might
 k - a potion of agility
 o - a potion of flight
 v - a potion of heal wounds {unknown}
Comestibles
 f - 3 bread rations
 i - a royal jelly
 s - 2 meat rations
 u - 2 chunks of flesh


   Skills:
 - Level 2.0 Fighting
 - Level 3.2 Axes
 - Level 1.7 Throwing
 + Level 2.3 Armour
 - Level 2.6 Dodging
 * Level 3.5 Unarmed Combat


You had 4 spell levels left.
You didn't know any spells.

Dungeon Overview and Level Annotations

Branches:
Dungeon (4/15)
 Temple: D:4-7

Altars:
Dithmenos
Nemelex Xobeh
Ru


Innate Abilities, Weirdness & Mutations

((You have very sharp fingernails.))
You have a somewhat thin skeletal structure (Dex +2, Stealth).
((You are partially covered in sharp spines.))


Message History

Your +0 chain mail melds into your body.
Your roots penetrate the ground.
The ogre hits you with a giant spiked club!
You hit the ogre. You burn the ogre.
The ogre is moderately wounded.
The ogre hits you but does no damage.
You barely miss the ogre.
The ogre is moderately wounded.
You puncture the ogre! You burn the ogre.
The ogre is almost dead.
The ogre hits you but does no damage.
You hit the ogre. You burn the ogre.
You kill the ogre!
Your Armour skill increases to level 2!
Your Unarmed Combat skill increases to level 3!
You have reached level 5!
Your demonic ancestry asserts itself...
Sharp spines emerge from parts of your body.
Enter note: I loathe the spines mutation, goal was heavy armour Are you sure you want to abandon this character and quit the game? (Confirm with "yes".)

######## #......# #......#
+......##########
.#......##.......#
........##.#####.#
........##.## #♣# ####
.#.....(....# #)# ...
#...##..#..# #.###.##
#.......#..## #...(..# #
#.....<....#....#..###.##...
...................O.?.O..l..
#.....#######................
#.#.## #.######......... . #.
#.# #.........


There were no monsters in sight!

Vanquished Creatures
  An ogre (D:4)
  Robin (D:3)
  3 adders
  An ooze (D:3)
  4 giant geckos
  2 orcs (D:3)
  4 bats
  3 giant cockroaches
  12 goblins
  11 hobgoblins
  2 jackals (D:1)
  2 quokkas
  A ball python (D:2)
  7 giant newts
  8 kobolds
  4 rats
66 creatures vanquished.

Notes
Turn   | Place    | Note
--------------------------------------------------------------
     0 | D:1      | Gruud the Demonspawn Gladiator began the quest for the Orb.
     0 | D:1      | Reached XP level 1. HP: 16/16 MP: 1/1
   114 | D:1      | Reached skill level 3 in Axes
   162 | D:1      | Gained mutation: You have sharp fingernails. [demonic ancestry]
   162 | D:1      | Reached XP level 2. HP: 19/22 MP: 2/2
   273 | D:1      | Found a sparkling altar of Nemelex Xobeh.
   554 | D:1      | Reached skill level 1 in Unarmed Combat
   883 | D:2      | Gained mutation: You have very sharp fingernails. [demonic ancestry]
   883 | D:2      | Reached XP level 3. HP: 27/27 MP: 3/3
   985 | D:2      | Reached skill level 1 in Armour
  1920 | D:3      | Noticed Robin
  1926 | D:3      | Gained mutation: You have a somewhat thin skeletal structure (Dex +2, Stealth). [demonic ancestry]
  1926 | D:3      | Reached XP level 4. HP: 25/33 MP: 4/4
  1967 | D:3      | Killed Robin
  2145 | D:3      | Found a shadowy altar of Dithmenos.
  2213 | D:3      | Found a sacrificial altar of Ru.
  2788 | D:4      | Got a pitted spear
  2790 | D:4      | Identified the +8 spear of Duipt {flame, rElec} (You found it on level 4 of the Dungeon)
  2818 | D:4      | Noticed an ogre
  2835 | D:4      | Killed an ogre
  2835 | D:4      | Gained mutation: You are partially covered in sharp spines. [demonic ancestry]
  2835 | D:4      | Reached XP level 5. HP: 38/38 MP: 5/5
  2836 | D:4      | I loathe the spines mutation, goal was heavy armour
  2836 | D:4      | Quit the game

Vault maps used:
D:1:      dpeg_arrival_signposts, nemelex_xobeh_ov_fountains_minmay
D:3:      lemuel_doored_altar, nicolae_overflow_crystal_walls, uniq_robin
D:4:      vehumet_statue, led_sif_book, minmay_temple_entry_trees, first_bread

Action                   |  1- 3 |  4- 6 || total
-------------------------+-------+-------++-------
Melee: War axe           |   141 |    75 ||   216
       Spear             |       |     5 ||     5
  Use: Scroll            |     4 |     2 ||     6
       Potion            |       |     2 ||     2
  Eat: Chunk             |     3 |     3 ||     6
